 Dungeon Sprint DCSS version 0.17-a0-1210-g1e4f09d (webtiles) character file.

1834 nuthulu the Basher (level 8, -1/145 HPs)
             Began as a Troll Berserker on June 3, 2015.
             Was an Elder of Trog.
             Slain by Sonja
             ... wielding a +0 short sword of venom
              (4 damage)
             ... in the Dungeon (Sprint I: "Red Sonja").
             The game lasted 00:03:48 (671 turns).

nuthulu the Basher (Troll Berserker)                 Turns: 671, Time: 00:03:48

Health: -1/145     AC:  6    Str: 33    XL:     8   Next: 87%
Magic:  7/7        EV: 11    Int:  3    God:    Trog [****..]
Gold:   75         SH:  0    Dex:  7    Spells: 0 memorised, 7 levels left

rFire  . . .     SeeInvis .     k - +0 giant club
rCold  . . .     Clarity  .     b - +1 animal skin
rNeg   . . .     SustAt   .     (no shield)
rPois  .         Gourm    +     (helmet restricted)
rElec  .         Spirit   .     (no cloak)
rCorr  .         Warding  .     (gloves unavailable)
rMut   .         NoTele   +     (boots unavailable)
MR     .....                    (no amulet)
Stlth  ..........               (no ring)
                                n - -2 ring of dexterity (curse)

@: berserking, lethally poisoned (-1 -> -83), slowed, not resistant to hostile
enchantments, extremely unstealthy
A: unfitting armour, claws 3, fast metabolism 3, gourmand, regeneration 2,
shaggy fur 1, tough skin 2
a: Burn Spellbooks, Berserk, Trog's Hand, Brothers in Arms, Renounce Religion


You were in the Dungeon.
You worshipped Trog.
Trog was greatly pleased with you.
You were full.

You visited 1 branch You collected 405 gold pieces.
You spent 330 gold pieces at shops.

Inventory:

Hand weapons
 a - a +0 mace
 k - a +0 giant club (weapon)
Armour
 b - a +1 animal skin (worn)
Jewellery
 n - a cursed -2 ring of dexterity (left claw)
Magical devices
 j - a wand of random effects (19)
Scrolls
 i - a scroll of blinking
Potions
 f - a potion of haste
 g - 2 potions of magic
 h - a potion of berserk rage
Comestibles
 c - 2 bread rations


   Skills:
 * Level 11.1 Fighting
 * Level 11.4 Maces & Flails
 + Level 8.0 Dodging


You had 7 spell levels left.
You didn't know any spells.

Dungeon Overview and Level Annotations

Branches:
Dungeon (1/1)

Altars:
Cheibriados
Dithmenos
Elyvilon
Fedhas
Gozag
Kikubaaqudgha
Makhleb
Nemelex Xobeh
Okawaru
Qazlal
Ru
Sif Muna
Trog
Vehumet
Xom
Yredelemnul
Zin
The Shining One
Jiyva

Shops:
D *

Annotations:
D Sonja


Innate Abilities, Weirdness & Mutations

You are too large for most types of armour.
You have claws for hands.
Your metabolism is lightning-fast.
You like to eat raw meat.
You heal very quickly.
You are covered in fur (AC +1).
You have very tough skin (AC +2).


Message History

Sonja hits you with an uncursed short sword of venom.
* * * LOW HITPOINT WARNING * * *
You are more poisoned.
Sonja barely misses you.
You closely miss Sonja.
* * * LOW HITPOINT WARNING * * *
You feel extremely sick. Sonja completely misses you. Sonja closely misses you.
Sonja barely misses you.
You miss Sonja.
* * * LOW HITPOINT WARNING * * *
You feel extremely sick.
Sonja hits you with an uncursed short sword of venom.
* * * LOW HITPOINT WARNING * * *
You are more poisoned.
Sonja barely misses you.
Sonja hits you with an uncursed short sword of venom.
* * * LOW HITPOINT WARNING * * *
You are more poisoned.
Sonja hits you with an uncursed short sword of venom.
You die...

##########################
#<.#..'..#..'..#__#..'...#
#..').#..').#..'..'..#)..#
#..#####'#####'#__####...+
#..####..#...#(####c§#####
#..#__####..##.#≈≈≈..#
#..#_..__##'#..+≈§§.§'
#⌠⌠#_.∩...'.@(_#≈≈≈§§#
####_..._##K(#'# +###
#_____###(#(# #######
#.### $.$ $.$# ##.## #+#


You could see Sonja.

Vanquished Creatures
  A centaur warrior (D)
  2 kobold demonologists (D)
  A slime creature (D)
  Sigmund (D)
  A yak (D)
  A wasp (D)
  An ogre (D)
  A jelly (D)
  Ijyb (D)
  A giant eyeball (D)
11 creatures vanquished.

Vanquished Creatures (others)
  An ogre (D)
1 creature vanquished.

Grand Total: 12 creatures vanquished

Notes
Turn   | Place    | Note
--------------------------------------------------------------
     0 | D        | nuthulu the Troll Berserker began the quest for the Orb.
     0 | D        | Reached XP level 1. HP: 22/22 MP: 0/0
   101 | D        | Noticed Ijyb
   112 | D        | Killed Ijyb
   112 | D        | Reached skill level 4 in Fighting
   112 | D        | Reached XP level 2. HP: 29/32 MP: 1/1
   119 | D        | Noticed an ogre
   126 | D        | Killed an ogre
   126 | D        | Acquired Trog's second power
   126 | D        | Reached skill level 6 in Fighting
   126 | D        | Reached skill level 5 in Maces & Flails
   126 | D        | Reached XP level 3. HP: 44/44 MP: 2/2
   126 | D        | Reached XP level 4. HP: 52/52 MP: 3/3
   181 | D        | Noticed Sigmund
   190 | D        | Killed Sigmund
   190 | D        | Reached skill level 7 in Fighting
   190 | D        | Reached skill level 5 in Dodging
   190 | D        | Reached XP level 5. HP: 14/63 MP: 4/4
   190 | D        | Reached XP level 6. HP: 16/72 MP: 5/5
   288 | D        | Found a deep blue altar of Sif Muna.
   289 | D        | Noticed a jelly
   290 | D        | Found a radiant altar of Vehumet.
   295 | D        | Killed a jelly
   295 | D        | Reached skill level 8 in Fighting
   299 | D        | Found Qoppihime's Assorted Antiques.
   299 | D        | Found a white marble altar of Elyvilon.
   299 | D        | Found a stormy altar of Qazlal.
   299 | D        | Found a burning altar of Makhleb.
   299 | D        | Found a sacrificial altar of Ru.
   299 | D        | Found a basalt altar of Yredelemnul.
   299 | D        | Found a glowing golden altar of the Shining One.
   299 | D        | Found a sparkling altar of Nemelex Xobeh.
   299 | D        | Found a shimmering altar of Xom.
   299 | D        | Found an opulent altar of Gozag.
   299 | D        | Found an ancient bone altar of Kikubaaqudgha.
   299 | D        | Found a glowing silver altar of Zin.
   299 | D        | Noticed a yak
   305 | D        | Killed a yak
   306 | D        | Found an iron altar of Okawaru.
   307 | D        | Found a bloodstained altar of Trog.
   361 | D        | Bought a lumpy beryl amulet for 110 gold pieces
   361 | D        | Bought a scratched silver ring for 110 gold pieces
   378 | D        | Found a viscous altar of Jiyva.
   378 | D        | Found a blossoming altar of Fedhas.
   378 | D        | Noticed a slime creature
   379 | D        | Found a snail-covered altar of Cheibriados.
   379 | D        | Found a shadowy altar of Dithmenos.
   382 | D        | Killed a slime creature
   382 | D        | Reached skill level 9 in Fighting
   382 | D        | Reached XP level 7. HP: 73/83 MP: 6/6
   409 | D        | Noticed a kobold demonologist
   410 | D        | Noticed a kobold demonologist
   414 | D        | Killed a kobold demonologist
   419 | D        | Killed a kobold demonologist
   419 | D        | Acquired Trog's third power
   419 | D        | Reached skill level 10 in Fighting
   419 | D        | Reached skill level 10 in Maces & Flails
   419 | D        | Reached XP level 8. HP: 93/93 MP: 7/7
   419 | D        | Paralysed by a giant eyeball for 3 turns
   466 | D        | Bought a tubular moonstone ring for 110 gold pieces
   524 | D        | Noticed a centaur warrior
   535 | D        | Killed a centaur warrior
   535 | D        | Reached skill level 11 in Fighting
   543 | D        | Noticed a wasp
   549 | D        | Killed a wasp
   551 | D        | Noticed a centaur warrior
   654 | D        | Noticed Sonja
   671 | D        | HP: 6/145 [poisoned by Sonja]
   671 | D        | Slain by Sonja

Vault maps used:
D:        dungeon_sprint_1

Action                   |  1- 3 |  4- 6 |  7- 9 || total
-------------------------+-------+-------+-------++-------
Melee: Mace              |    16 |       |       ||    16
       Giant club        |       |    19 |    24 ||    43
Invok: Berserk           |     1 |     1 |     2 ||     4
       Brothers in Arms  |       |       |     1 ||     1
  Use: Scroll            |       |       |     2 ||     2
       Potion            |       |       |     2 ||     2
  Eat: Chunk             |       |     9 |     4 ||    13
